 Dungeon Crawl Stone Soup version 0.29-a0-824-gd827844252 (webtiles) character file.

Game seed: 118478911735728028

722 Querens the Shield-Bearer (level 8, -3/69 HPs)
             Began as a Meteoran Fighter on July 9, 2022.
             Was an Initiate of Okawaru.
             Slain by Pikel
             ... wielding a +2 whip of freezing
              (5 damage)
             ... on level 5 of the Dungeon.
             The game lasted 00:07:39 (2481 turns).

Querens the Shield-Bearer (Meteoran Fighter)        Turns: 2481, Time: 00:07:39

Health: -3/69      AC: 10    Str: 20    XL:     8   Next: 22%
Magic:  9/9        EV:  7    Int:  9    God:    Okawaru [......]
Gold:   265        SH:  5    Dex: 14    Spells: 7/7 levels left

rFire   . . .      SeeInvis .   a - +0 war axe
rCold   . . .      Faith    .   c - +0 buckler
rNeg    . . .      Spirit   .   q - +0 chain mail
rPois   .          Reflect  .   (no helmet)
rElec   .          Harm     .   (no cloak)
rCorr   .          Rampage  .   (no gloves)
Will    +....                   (no boots)
Stlth   ..........              (no amulet)
HPRegen 0.21/turn               (no ring)
MPRegen 0.11/turn               (no ring)

@: mighty, glowing
A: sense surroundings 1, otherworldly, glowing, explore regen
a: Renounce Religion


You were on level 5 of the Dungeon.
You worshipped Okawaru.
Okawaru was noncommittal.
You visited 2 branches of the dungeon, and saw 6 of its levels.

You collected 265 gold pieces.

Inventory:

Hand Weapons
 a - a +0 war axe (weapon)
Armour
 c - a +0 buckler (worn)
 q - a +0 chain mail (worn)
Jewellery
 y - a ring of magical power
Wands
 o - a wand of light (3)
 r - a wand of charming (4)
 t - a wand of roots (10)
 w - a wand of polymorph (8)
Scrolls
 b - 5 scrolls of identify {unknown}
 f - 3 scrolls of teleportation {unknown}
 g - 2 scrolls of enchant armour {unknown}
 l - a scroll of fog {unknown}
 m - a scroll of immolation {unknown}
 n - a scroll of magic mapping {unknown}
 s - a scroll of brand weapon {unknown}
 v - a scroll of summoning {unknown}
 x - a scroll of noise {unknown}
Potions
 d - a potion of might
 e - 2 potions of curing
 h - 2 potions of attraction {unknown}
 i - a potion of mutation {unknown}
 j - 2 potions of magic {unknown}
 k - a potion of resistance {unknown}
 p - a potion of brilliance {unknown}
 u - a potion of invisibility {unknown}
 z - a potion of flight {unknown}


   Skills:
 + Level 5.5 Fighting
 + Level 5.5 Axes
 + Level 6.1 Armour
 + Level 6.1 Shields


You had 7 spell levels left.
You didn't know any spells.
Your spell library contained the following spells:

 Spells                   Type           Power      Damage    Failure   Level
 Magic Dart               Conj           0%         1d3       99%         1
 Necrotise                Necr           0%         1d4       99%         1
 Mephitic Cloud           Conj/Pois/Air  0%         N/A       100%        3
 Vampiric Draining        Necr           0%         2d6       100%        3
 Agony                    Necr           0%         N/A       100%        5
 Call Imp                 Summ           Unusable   N/A       N/A         2

Dungeon Overview and Level Annotations

Branches:
Dungeon (5/15) Zot: 683    Temple (1/1) D:4 Zot: 517

Altars:
Fedhas
Gozag
Hepliaklqana
Nemelex Xobeh
Okawaru
Qazlal
Ru
Sif Muna
Trog
Xom

Annotations:
D:5 Pikel


Innate Abilities, Weirdness & Mutations

You passively map a small area around you.
You are easily found by Zot.
You glow in the dark.
You regain HP and MP as you explore.


Message History

You closely miss Pikel.
Pikel is lightly wounded.
Pikel hits you with a +2 whip of freezing!
Pikel freezes you.
You closely miss Pikel.
Pikel is lightly wounded.
Pikel zaps a wand.
The roots erupt in riotous growth!
The grasping roots grab you!
Pikel is unaffected.
The grasping roots constrict you!
Pikel hits you with a +2 whip of freezing!
Pikel freezes you. The grasping roots constrict you.
Aiming: Bolt of Light
Press: ? - help, Shift-Dir - straight line, f - Pikel
Aim: Pikel, wielding a +2 whip of freezing, wearing a +0 robe of cold resistance and carrying a wand of roots (3) (lightly wounded, 64% to hit)
The bolt of light hits Pikel!
Pikel is heavily wounded.
Pikel is blinded.
The bolt of light hits the lemure!
The lemure is heavily wounded.
The lemure is blinded.
A scorpion comes into view.
You block Pikel's attack. The grasping roots constrict you!
* * * LOW HITPOINT WARNING * * *
Unknown command.
You slash Pikel!
Pikel is almost dead.
Pikel hits you but does no damage. The grasping roots constrict you.
* * * LOW HITPOINT WARNING * * *
You miss Pikel.
Pikel is almost dead.
Pikel hits you with a +2 whip of freezing.
* * * LOW HITPOINT WARNING * * *
Pikel freezes you.
* * * LOW HITPOINT WARNING * * *
The grasping roots constrict you.
* * * LOW HITPOINT WARNING * * *
The grasping roots release their grip on you.
You hit Pikel but do no damage.
Pikel is almost dead.
Pikel hits you with a +2 whip of freezing.
You die...

* * .., ,,*.[ , * , ## *
#. *#. ,. , #. *.#
#.##.##5# #....55.#
#####K### ####
#@####..... #.#... ...
####.#.##..# , *
####.......#.# * *
#....##s#...##
########.##.##.#....# ,.
,*
#..........)...#...#.⌠.⌠
#....P.........(.)...._.
#.._.P..PP....###..##⌠.⌠*


You could see Pikel (blind), 3 lemures and a scorpion.

Vanquished Creatures
  Grinder (D:3)
  Sigmund (D:2)
  A scorpion (D:4)
  4 iguanas
  Jessica (D:3)
  Ijyb (D:3)
  An orc wizard (D:4)
  3 gnolls (D:4)
  2 adders
  2 dart slugs
  5 orcs
  3 ball pythons
  5 bats
  4 endoplasms
  3 giant cockroaches
  8 goblins
  5 hobgoblins
  2 jackals (D:3)
  8 kobolds
  5 quokkas
  A frilled lizard (D:1)
  4 rats
70 creatures vanquished.

Vanquished Creatures (others)
  3 plants (D:3)
3 creatures vanquished.

Grand Total: 73 creatures vanquished

Notes
Turn   | Place    | Note
-------+----------+-------------------------------------------
     0 | D:1      | Querens the Meteoran Fighter began the quest for the Orb.
     0 | D:1      | Reached XP level 1. HP: 19/19 MP: 2/2
    57 | D:1      | Reached XP level 2. HP: 25/26 MP: 3/3
   443 | D:1      | Reached XP level 3. HP: 28/31 MP: 4/4
   475 | D:1      | Glimpsed the power of Zot.
   523 | D:1      | Glimpsed the power of Zot.
   757 | D:2      | Reached XP level 4. HP: 23/40 MP: 5/5
   808 | D:2      | Noticed Sigmund
   875 | D:2      | Killed Sigmund
   876 | D:2      | Reached XP level 5. HP: 15/47 MP: 6/6
   876 | D:2      | Reached XP level 6. HP: 17/53 MP: 7/7
   946 | D:2      | Reached skill level 5 in Armour
  1044 | D:2      | Glimpsed the power of Zot.
  1075 | D:2      | Reached skill level 5 in Shields
  1091 | D:2      | Glimpsed the power of Zot.
  1131 | D:2      | Glimpsed the power of Zot.
  1141 | D:2      | Touched by the power of Zot.
  1240 | D:2      | Glimpsed the power of Zot.
  1306 | D:3      | Found a faded altar of an unknown god.
  1491 | D:3      | Noticed Grinder
  1509 | D:3      | Killed Grinder
  1510 | D:3      | Reached XP level 7. HP: 23/60 MP: 8/8
  1601 | D:3      | Reached skill level 5 in Fighting
  1603 | D:3      | Noticed Jessica
  1618 | D:3      | Killed Jessica
  1628 | D:3      | Noticed Ijyb
  1646 | D:3      | Killed Ijyb
  1825 | D:4      | Reached skill level 5 in Axes
  2018 | D:4      | Found a staircase to the Ecumenical Temple.
  2030 | Temple   | Entered the Ecumenical Temple
  2064 | Temple   | Became a worshipper of Warmaster Okawaru
  2136 | D:4      | Reached XP level 8. HP: 64/68 MP: 9/9
  2337 | D:5      | Entered Level 5 of the Dungeon
  2422 | D:5      | Found an opulent altar of Gozag.
  2450 | D:5      | Found a sparkling altar of Nemelex Xobeh.
  2467 | D:5      | Noticed Pikel
  2480 | D:5      | HP: 2/69 [constriction (5)]
  2481 | D:5      | Slain by Pikel

Illustrated notes

Levels and vault maps discovered:
D:1:      matt_arrival_grand_opening, layout_basic
D:2:      layout_loops_corners, grunt_ministairs_13, serial_bayou_crossing,
          uniq_sigmund
D:3:      wander_river, layout_basic, shapermc_ecumenical_altar_flowoftime,
          uniq_grinder, uniq_ijyb, uniq_jessica
D:4:      layout_loops_ring, minmay_temple_entry_large_hall
D:5:      layout_loops_cross, overflow_temple_1_default,
          mainiacjoe_overflow_boulevard, mainiacjoe_overflow_chevrons,
          nemelex_xobeh_ov_fountains_minmay, uniq_pikel
Temple:   hellmonk_temple_flake

Skill      XL: |  1  2  3  4  5  6  7  8 |
---------------+-------------------------+-----
Armour         | 4 5 6 |  6.1
Shields        | 4 5 6 |  6.1
Axes           | 3 4 5 |  5.5
Fighting       | 4 5 |  5.5

Action                   |  1- 3 |  4- 6 |  7- 9 || total
-------------------------+-------+-------+-------++-------
Melee: War axe           |    95 |    66 |    98 ||   259
Evoke: Wand              |       |       |     1 ||     1
  Use: Potion            |       |     2 |     2 ||     4
Armor: Scale mail        |    46 |    26 |     2 ||    74
       Chain mail        |       |       |    55 ||    55
Dodge: Dodged            |    35 |    25 |    48 ||   108
Block: Buckler           |    26 |    15 |    29 ||    70

Table legend: (Time is in decaauts)
 A = Elapsed time spent in this place.
 B = Non-inter-level travel time spent in this place.
 C = Inter-level travel time spent in this place.
 D = Time resting spent in this place.
 E = Time spent auto-exploring this place.
 F = Levels seen in this place.
 G = Mean time per level.
                   A        B        C        D        E       F      G
               +--------+--------+--------+--------+--------+-----+--------+
         Total |   2598 |   2349 |    249 |      0 |      0 |   6 |  433.0 |
       Dungeon |   2515 |   2269 |    246 |      0 |      0 |   5 |  503.0 |
        Temple |     82 |     79 |      3 |      0 |      0 |   1 |   82.0 |
               +--------+--------+--------+--------+--------+-----+--------+

Top non-repeatable levels by time:
     D:2: 761 daAuts
     D:1: 570 daAuts
     D:3: 551 daAuts
     D:4: 479 daAuts
     D:5: 152 daAuts
  Temple: 82 daAuts
